 Dungeon Crawl Stone Soup version 0.17-a0-1625-g47e540b (webtiles) character file.

263 urechis the Cudgeler (level 6, -1/100 HPs)
             Began as an Ogre Fighter on Aug 2, 2015.
             Slain by an orc
             ... wielding a +0 club
              (2 damage)
             ... on level 4 of the Dungeon.
             The game lasted 00:06:24 (3642 turns).

urechis the Cudgeler (Ogre Fighter)                 Turns: 3642, Time: 00:06:24

Health: -1/100     AC:  3    Str: 29    XL:     6   Next: 19%
Magic:  6/6        EV:  8    Int:  7    God:
Gold:   271        SH:  9    Dex:  9    Spells: 0 memorised, 5 levels left

rFire  . . .     SeeInvis .     a - +0 flail
rCold  . . .     Clarity  .     C - +0 animal skin
rNeg   . . .     SustAt   .     c - +0 shield
rPois  .         Gourm    +     (helmet restricted)
rElec  .         Spirit   .     (no cloak)
rCorr  .         Warding  .     (gloves unavailable)
rMut   .         Stasis   .     (boots unavailable)
MR     .....                    j - amulet of the gourmand
Stlth  ..........               (no ring)
                                (no ring)

@: berserking (expiring), very quick, not resistant to hostile enchantments,
extremely unstealthy
A: unfitting armour, tough skin 1
a: no special abilities


You were on level 4 of the Dungeon.
You were completely stuffed.

You visited 1 branch of the dungeon, and saw 4 of its levels.

You collected 271 gold pieces.

Inventory:

Hand weapons
 a - a +0 flail (weapon)
Missiles
 h - 32 poisoned needles
 q - 2 tomahawks (quivered)
 u - 5 large rocks
Armour
 c - a +0 shield (worn)
 C - a +0 animal skin (worn)
Jewellery
 j - an amulet of the gourmand (around neck)
Magical devices
 p - a wand of fireball (8)
Scrolls
 f - a scroll of noise {unknown}
 g - 2 scrolls of magic mapping {unknown}
 i - 4 scrolls of identify {unknown}
 k - a scroll of amnesia {unknown}
 l - 6 scrolls of teleportation {unknown}
 o - 3 scrolls of enchant armour {unknown}
 w - 4 scrolls of remove curse {unknown}
 y - 2 scrolls of enchant weapon {unknown}
 A - a scroll of blinking {unknown}
Potions
 e - 2 potions of might
 m - a potion of lignification {unknown}
 r - a potion of haste {unknown}
 v - a potion of flight {unknown}
 x - a potion of curing {unknown}
 z - a potion of heal wounds {unknown}
Books
 B - a book of Spatial Translocations

   Spells                             Type                      Level
   a - Apportation                    Translocation                1
   b - Blink                          Translocation                2
   c - Shroud of Golubria             Charms/Translocation         2
   d - Portal Projectile              Translocation                3
   e - Teleport Other                 Translocation                3
   f - Passage of Golubria            Translocation                4
Comestibles
 b - 3 chunks of flesh
 d - 3 bread rations
 n - a meat ration
 s - a beef jerky
 t - 3 fruits


   Skills:
 + Level 6.3 Fighting
 * Level 6.7 Maces & Flails
 - Level 2.6 Dodging
 - Level 2.6 Shields


You had 5 spell levels left.
You didn't know any spells.

Dungeon Overview and Level Annotations

Branches:
Dungeon (4/15)
 Temple: D:4-7

Altars:
Vehumet

Annotations:
D:4 matakusis's ghost, average DsGl


Innate Abilities, Weirdness & Mutations

You are too large for most types of armour.
You have tough skin (AC +1).


Message History

The orc hits you with a dagger.
* * * LOW HITPOINT WARNING * * *
The orc hits you with a club.
* * * LOW HITPOINT WARNING * * *
You block the orc priest's attack. The orc closely misses you.
You block the orc's attack.
You bludgeon the orc priest!!
You kill the orc priest!
The orc hits you but does no damage. The orc barely misses you.
The orc hits you.
* * * LOW HITPOINT WARNING * * *
You completely miss the orc. You block the orc's attack.
The orc closely misses you. The orc barely misses you.
You barely miss the orc. The orc barely misses you. The orc hits you.
* * * LOW HITPOINT WARNING * * *
You closely miss the orc. You block the orc's attack.
You hit the orc.
The orc is heavily wounded.
The orc barely misses you. The orc hits you with a club.
You die...

#############
#........oo(######
#.######oo@.......
#.# #o##%#####.
#.# #[# .#
#######.# #o# .#
........# ... .#
######### ... ##
#..#. #..#. #.....


You could see 5 orcs.

Vanquished Creatures
  An orc priest (D:4)
  An orc wizard (D:3)
  Robin (D:4)
  7 adders
  An adder skeleton (D:3)
  3 worms
  A giant gecko (D:3)
  16 orcs
  2 ball pythons (D:1)
  2 giant cockroaches
  16 goblins
  14 hobgoblins
  2 jackals (D:1)
  7 bats
  3 giant newts
  14 kobolds
  7 rats
98 creatures vanquished.

Notes
Turn   | Place    | Note
--------------------------------------------------------------
     0 | D:1      | urechis the Ogre Fighter began the quest for the Orb.
     0 | D:1      | Reached XP level 1. HP: 24/24 MP: 1/1
   169 | D:1      | Reached XP level 2. HP: 24/32 MP: 2/2
   790 | D:2      | Reached XP level 3. HP: 32/40 MP: 3/3
  1043 | D:2      | Reached skill level 5 in Fighting
  1091 | D:2      | Reached XP level 4. HP: 42/50 MP: 4/4
  1402 | D:2      | Reached skill level 5 in Maces & Flails
  1753 | D:3      | Reached XP level 5. HP: 30/57 MP: 5/5
  2379 | D:3      | Found a radiant altar of Vehumet.
  2630 | D:3      | Reached skill level 6 in Fighting
  3112 | D:4      | Noticed matakusis's ghost (average DsGl)
  3473 | D:4      | Noticed Robin
  3544 | D:4      | Killed Robin
  3544 | D:4      | Reached XP level 6. HP: 44/67 MP: 6/6
  3636 | D:4      | HP: 5/100 [orc/dagger (2)]
  3640 | D:4      | HP: 1/100 [orc (2)]
  3642 | D:4      | Slain by an orc

Vault maps used:
D:1:      lemuel_arrival_cross
D:2:      wad_river_or_something, first_bread
D:3:      lemuel_doored_altar, serial_undead, serial_undead_a, serial_undead_f,
          serial_undead_f, serial_undead_e
D:4:      uniq_robin

Action                   |  1- 3 |  4- 6 || total
-------------------------+-------+-------++-------
Melee: Flail             |   106 |   216 ||   322
Throw: Tomahawk          |       |     2 ||     2
  Use: Potion            |       |     1 ||     1
 Stab: Distracted        |     1 |       ||     1
       Sleeping          |     3 |       ||     3
  Eat: Chunk             |    13 |    10 ||    23
